Canadiens vs Kings
Created - 5 avril 2013 at 19:01
Goals
|
| Canadiens |
1 |
1 |
2 |
4 |
| Kings |
1 |
0 |
1 |
2 |
|
Shots
|
| Canadiens |
5 |
14 |
9 |
28 |
| Kings |
15 |
10 |
14 |
39 |
|
1st period
1. Canadiens , Duncan Keith 4 (Ryane Clowe) at 13:44
2. Kings , Derek Boogaard 8 (George Parros, Danny Richmond) at 17:56
Penalties :
Duncan Keith (Mon) for Hooking (Minor) at 1:00, Branislav Mezei (LAK) for Hooking (Minor) at 4:49, Guillaume Latendresse (LAK) for Cross-checking (Minor) at 18:28
2nd period
3. Canadiens , Mike York 27 (Marek Svatos, Robert Nilsson) at 0:14 (PP)
Penalties :
No Penalty
3rd period
4. Canadiens , Mike York 28 (Robert Nilsson) at 5:50 (PP)
5. Canadiens , Marek Svatos 25 (Duncan Keith, Mike York) at 6:21 (PP)
6. Kings , Rick Nash 23 (Danny Richmond, Shawn Horcoff) at 9:34 (SH)
Penalties :
Derek Boogaard (LAK) for High sticking (Double Minor) at 5:44, Sydney Crosby (LAK) for Holding Stick (Minor) at 8:36, Randy Robitaille (LAK) for Hooking (Minor) at 14:23, Robert Nilsson (Mon) for Charging (Minor) at 14:23
Goalie Stats
Kari Lehtonen (Mon), 37 saves from 39 shots - (0,949), W, 21-18-4, 60:00 minutes
Jean-Sébastien Giguère (LAK), 2 saves from 2 shots - (1,000), 13:39 minutes
Mike McKenna (LAK), 22 saves from 26 shots - (0,846), L, 2-3-1, 46:21 minutes
Players Stats for Canadiens
Player Name G A P +/- PIM S H SB GA TA FO MP PP MP PK MP
------------------------------------------------------------------------------------
Alexei Yashin 0 0 0 1 0 2 1 0 1 1 4/11 15:11 0:00 0:53
Duncan Keith 1 1 2 0 2 5 0 0 2 2 0/0 27:38 3:46 0:00
Jamie Lundmark 0 0 0 0 0 0 0 0 0 0 0/0 0:00 0:00 0:00
Jeff Woywitka 0 0 0 0 0 1 1 1 0 2 0/0 27:06 3:46 1:09
Marek Svatos 1 1 2 -2 0 3 2 1 1 0 0/0 22:03 4:10 0:00
Mark Stuart 0 0 0 0 0 0 0 0 0 0 0/0 3:28 0:00 0:34
Mike York 2 1 3 -2 0 6 1 0 0 1 0/4 23:40 4:10 0:53
Patrick Eaves 0 0 0 1 0 1 2 1 0 0 0/1 14:14 0:00 0:04
Richard Zednik 0 0 0 0 0 2 1 0 1 0 0/2 17:06 2:11 0:00
Robert Nilsson 0 2 2 -2 2 1 0 2 0 1 20/38 24:57 4:10 1:02
Ryane Clowe 0 1 1 1 0 1 1 0 0 0 0/0 14:58 0:00 0:04
Shane O'Brien 0 0 0 0 0 0 0 1 0 1 0/0 11:20 0:00 0:00
Sheldon Souray 0 0 0 0 0 1 0 1 0 0 0/0 11:55 0:00 0:35
Tomas Holmstrom 0 0 0 0 0 2 2 0 0 0 2/3 17:03 2:11 0:00
Tomas Kloucek 0 0 0 -1 0 1 1 2 0 0 0/0 19:17 2:35 0:50
Tyler Arnason 0 0 0 0 0 0 0 0 0 0 1/3 5:49 0:00 0:00
Tyler Sloan 0 0 0 -1 0 0 2 2 0 1 0/0 19:17 2:35 0:50
Viktor Kozlov 0 0 0 0 0 2 1 1 0 1 5/8 20:58 2:11 1:02
Players Stats for Kings
Player Name G A P +/- PIM S H SB GA TA FO MP PP MP PK MP
------------------------------------------------------------------------------------
Boyd Gordon 0 0 0 1 0 2 0 0 0 0 5/9 11:27 0:00 0:00
Brad Winchester 0 0 0 0 0 0 1 0 0 0 0/0 6:21 0:00 0:06
Branislav Mezei 0 0 0 0 2 0 0 1 1 0 0/0 19:29 0:00 3:36
Bryan McCabe 0 0 0 0 0 1 1 0 0 0 0/0 17:09 0:54 0:58
Craig Rivet 0 0 0 0 0 0 1 0 0 0 0/0 20:47 0:00 4:54
Danny Richmond 0 2 2 1 0 2 2 1 0 1 0/0 22:06 0:54 1:27
Derek Boogaard 1 0 1 1 4 6 0 0 0 1 0/1 11:37 0:10 0:00
George Parros 0 1 1 1 0 2 3 0 2 0 0/1 16:07 0:07 4:32
Guillaume Latendresse 0 0 0 -1 2 3 2 0 0 0 2/3 17:44 0:52 0:00
Jay Bouwmeester 0 0 0 1 0 3 0 0 2 1 0/0 23:02 1:05 1:27
Martin Havlat 0 0 0 -1 0 2 2 0 0 1 0/1 17:36 0:52 0:00
Matthew Barnaby 0 0 0 0 0 1 0 0 0 0 0/0 5:24 0:00 0:00
Pavol Demitra 0 0 0 0 0 1 0 0 0 1 1/3 17:21 1:04 0:00
Randy Robitaille 0 0 0 0 2 1 1 0 1 0 4/9 10:43 0:00 4:36
Rick Nash 1 0 1 1 0 4 3 0 1 0 1/1 18:40 1:00 0:42
Ryan Whitney 0 0 0 0 0 2 0 0 1 0 0/0 17:29 1:05 0:20
Shawn Horcoff 0 1 1 1 0 1 0 1 1 0 11/19 19:27 0:52 1:34
Sydney Crosby 0 0 0 -1 2 8 1 0 1 0 14/23 19:06 1:00 1:12
3 Stars
1 - Mike York (Mon)
2 - Rick Nash (LAK)
3 - Danny Richmond (LAK)
Power Play
Canadiens - 3 on 5 Attempt(s) - 60,00%
Kings - 0 on 1 Attempt(s) - 0,00%
Penalty Kill
Canadiens - 1 on 1 Attempt(s) - 100,00%
- Score 0 goal in Penalty Kill
Kings - 2 on 5 Attempt(s) - 40,00%
- Score 1 goal in Penalty Kill
Official
Referees : Kowal Tom and Jackson Dave
Linesman : Don Henderson and Mark Pare
Game Notes
Jean-Sébastien Giguère enters game at 6:21 of 3rd period
Finance
Level 1 -- Attendance: 6000 (100,00%) -- Ticket Income 360 000 $
Level 2 -- Attendance: 4271 (85,42%) -- Ticket Income 213 550 $
Level 3 -- Attendance: 1986 (99,30%) -- Ticket Income 59 580 $
Level 4 -- Attendance: 2944 (73,60%) -- Ticket Income 58 880 $
Luxury Box -- Attendance: 992 (99,20%) -- Ticket Income 89 280 $
Game was played at the Staples Center
Total Attendance: 16193 (89,96%)
Total Ticket Income: 781 290 $
Total Income: 781 290 $
Canadiens
5 vs 5 Forward
Center Left Wing Right Wing Time % Phy DF OF
1 Robert Nilsson Mike York Marek Svatos 40 1 2 2
2 Viktor Kozlov Tomas Holmstrom Richard Zednik 30 1 2 2
3 Alexei Yashin Ryane Clowe Patrick Eaves 20 1 2 2
4 Tyler Arnason Robert Nilsson Viktor Kozlov 10 1 2 2
5 vs 5 Defense
Defense Defense Time % Phy DF OF
1 Duncan Keith Jeff Woywitka 40 1 2 2
2 Tomas Kloucek Tyler Sloan 30 1 2 2
3 Shane O'Brien Sheldon Souray 20 1 2 2
4 Mark Stuart Duncan Keith 10 1 2 2
PowerPlay Forward
Center Left Wing Right Wing Time % Phy DF OF
1 Robert Nilsson Mike York Marek Svatos 60 1 2 2
2 Viktor Kozlov Tomas Holmstrom Richard Zednik 40 1 2 2
PowerPlay Defense
Defense Defense Time % Phy DF OF
1 Duncan Keith Jeff Woywitka 60 1 2 2
2 Tomas Kloucek Tyler Sloan 40 1 2 2
Penalty Kill 4 Players Forward
Center Wing Time % Phy DF OF
1 Robert Nilsson Viktor Kozlov 60 1 2 2
2 Mike York Alexei Yashin 40 1 2 2
Penalty Kill 4 Players Defense
Defense Defense Time % Phy DF OF
1 Duncan Keith Jeff Woywitka 60 1 2 2
2 Tomas Kloucek Tyler Sloan 40 1 2 2
Penalty Kill - 3 Players Forward
Forward Time % Phy DF OF
1 Robert Nilsson 60 1 2 2
2 Viktor Kozlov 40 1 2 2
Penalty Kill - 3 Players Defense
Defense Defense Time % Phy DF OF
1 Duncan Keith Jeff Woywitka 60 1 2 2
2 Tomas Kloucek Tyler Sloan 40 1 2 2
4 vs 4 Forward
Center Wing Time % Phy DF OF
1 Robert Nilsson Viktor Kozlov 60 1 2 2
2 Mike York Alexei Yashin 40 1 2 2
4 vs 4 Defense
Defense Defense Time % Phy DF OF
1 Duncan Keith Jeff Woywitka 60 1 2 2
2 Tomas Kloucek Tyler Sloan 40 1 2 2
Last Minutes Offensive
Center Left Wing Right Wing Defense Defense
Robert Nilsson Mike York Marek Svatos Duncan Keith Jeff Woywitka
Last Minutes Defensive
Center Left Wing Right Wing Defense Defense
Robert Nilsson Mike York Marek Svatos Duncan Keith Jeff Woywitka
Goaltenders
Starting : Kari Lehtonen
Backup : Mikael Tellqvist
Extra Forwards
Normal : Tyler Arnason, Ryane Clowe, Patrick Eaves - PP : Tyler Arnason, Ryane Clowe - PK : Patrick Eaves
Extra Defensemen
Normal : Shane O'Brien, Sheldon Souray, Mark Stuart - PP : Shane O'Brien - PK : Sheldon Souray, Mark Stuart
Penalty Shots
Robert Nilsson, Viktor Kozlov, Mike York, Alexei Yashin, Tomas Holmstrom
Kings
5 vs 5 Forward
Center Left Wing Right Wing Time % Phy DF OF
1 Sydney Crosby Guillaume Latendresse Martin Havlat 35 1 1 3
2 Shawn Horcoff Rick Nash Pavol Demitra 35 0 2 3
3 Boyd Gordon Derek Boogaard George Parros 25 2 1 2
4 Randy Robitaille Brad Winchester Matthew Barnaby 5 1 2 2
5 vs 5 Defense
Defense Defense Time % Phy DF OF
1 Jay Bouwmeester Danny Richmond 35 0 3 2
2 Ryan Whitney Craig Rivet 30 0 3 2
3 Bryan McCabe Branislav Mezei 30 0 3 2
4 Jay Bouwmeester Danny Richmond 5 0 3 2
PowerPlay Forward
Center Left Wing Right Wing Time % Phy DF OF
1 Sydney Crosby Rick Nash Pavol Demitra 60 0 1 4
2 Shawn Horcoff Guillaume Latendresse Martin Havlat 40 0 1 4
PowerPlay Defense
Defense Defense Time % Phy DF OF
1 Jay Bouwmeester Ryan Whitney 60 0 2 3
2 Danny Richmond Bryan McCabe 40 0 2 3
Penalty Kill 4 Players Forward
Center Wing Time % Phy DF OF
1 Randy Robitaille George Parros 60 1 3 1
2 Sydney Crosby Shawn Horcoff 40 1 3 1
Penalty Kill 4 Players Defense
Defense Defense Time % Phy DF OF
1 Branislav Mezei Craig Rivet 60 1 4 0
2 Jay Bouwmeester Danny Richmond 40 1 4 0
Penalty Kill - 3 Players Forward
Forward Time % Phy DF OF
1 Sydney Crosby 60 0 4 1
2 Randy Robitaille 40 0 4 1
Penalty Kill - 3 Players Defense
Defense Defense Time % Phy DF OF
1 Branislav Mezei Craig Rivet 60 1 4 0
2 Jay Bouwmeester Danny Richmond 40 1 4 0
4 vs 4 Forward
Center Wing Time % Phy DF OF
1 Sydney Crosby Guillaume Latendresse 60 1 2 2
2 Shawn Horcoff Rick Nash 40 1 2 2
4 vs 4 Defense
Defense Defense Time % Phy DF OF
1 Jay Bouwmeester Danny Richmond 60 1 2 2
2 Ryan Whitney Craig Rivet 40 1 2 2
Last Minutes Offensive
Center Left Wing Right Wing Defense Defense
Sydney Crosby Rick Nash Martin Havlat Jay Bouwmeester Ryan Whitney
Last Minutes Defensive
Center Left Wing Right Wing Defense Defense
Sydney Crosby Rick Nash Martin Havlat Branislav Mezei Craig Rivet
Goaltenders
Starting : Mike McKenna
Backup : Jean-Sébastien Giguère
Extra Forwards
Normal : Guillaume Latendresse, Martin Havlat, Shawn Horcoff - PP : Derek Boogaard, George Parros - PK : Rick Nash
Extra Defensemen
Normal : Branislav Mezei, Ryan Whitney, Bryan McCabe - PP : Craig Rivet - PK : Bryan McCabe, Ryan Whitney
Penalty Shots
Sydney Crosby, Martin Havlat, Shawn Horcoff, Rick Nash, Guillaume Latendresse
% Time on Ice - Canadiens
Lines # - Real PCT - Wanted PCT - Time Play
Normal Forward
1 - 37% - 40% - 18:23
2 - 31% - 30% - 15:16
3 - 26% - 20% - 13:08
4 - 6% - 10% - 2:54
Normal Defense
1 - 41% - 40% - 20:08
2 - 31% - 30% - 15:19
3 - 23% - 20% - 11:20
4 - 6% - 10% - 2:54
PP Forward
1 - 66% - 60% - 4:10
2 - 34% - 40% - 2:11
PP Defense
1 - 59% - 60% - 3:46
2 - 41% - 40% - 2:35
PK Forward
1 - 55% - 60% - 1:06
2 - 45% - 40% - 0:53
PK Defense
1 - 58% - 60% - 1:09
2 - 42% - 40% - 0:50
PK3 Forward
1 - 0% - 60%
2 - 0% - 40%
PK3 Defense
1 - 0% - 60%
2 - 0% - 40%
44 Forward
1 - 100% - 60% - 1:59
2 - 0% - 40% - 0:00
44 Defense
1 - 72% - 60% - 1:26
2 - 28% - 40% - 0:33
Last Minute Offensive - 0:00
Last Minute Defensive - 0:00
Total
Forward - 60:00
Defense - 60:00
|
% Time on Ice - Kings
Lines # - Real PCT - Wanted PCT - Time Play
Normal Forward
1 - 33% - 35% - 16:32
2 - 33% - 35% - 16:18
3 - 23% - 25% - 11:27
4 - 11% - 5% - 5:24
Normal Defense
1 - 36% - 35% - 17:44
2 - 31% - 30% - 15:18
3 - 31% - 30% - 15:17
4 - 3% - 5% - 1:22
PP Forward
1 - 56% - 60% - 1:07
2 - 44% - 40% - 0:52
PP Defense
1 - 55% - 60% - 1:05
2 - 45% - 40% - 0:54
PK Forward
1 - 75% - 60% - 4:47
2 - 25% - 40% - 1:34
PK Defense
1 - 77% - 60% - 4:54
2 - 23% - 40% - 1:27
PK3 Forward
1 - 0% - 60%
2 - 0% - 40%
PK3 Defense
1 - 0% - 60%
2 - 0% - 40%
44 Forward
1 - 69% - 60% - 1:22
2 - 31% - 40% - 0:37
44 Defense
1 - 67% - 60% - 1:20
2 - 33% - 40% - 0:39
Last Minute Offensive - 0:00
Last Minute Defensive - 0:00
Total
Forward - 60:00
Defense - 60:00
|
Play by Play
1st period
0:01 of 1st period - Robert Nilsson wins face-off versus Sydney Crosby in neutral zone.
0:54 of 1st period - Snap shot by Tomas Holmstrom.
0:54 of 1st period - Shot Misses the Net.
0:56 of 1st period - Slapshot by Jeff Woywitka.
0:56 of 1st period - Shot Misses the Net.
1:00 of 1st period - Snap shot by Viktor Kozlov.
1:00 of 1st period - Stopped by Mike McKenna without a rebound.
1:00 of 1st period - Minor Penalty to Duncan Keith for Hooking.
1:01 of 1st period - Robert Nilsson wins face-off versus Sydney Crosby in Canadiens zone.
1:16 of 1st period - Wrist shot by Robert Nilsson.
1:16 of 1st period - Shot Misses the Net.
1:35 of 1st period - Wrist shot by Shawn Horcoff.
1:35 of 1st period - Deflect By Guillaume Latendresse.
1:35 of 1st period - Deflect By Alexei Yashin.
1:35 of 1st period - Stopped by Kari Lehtonen with a rebound.
1:37 of 1st period - Slapshot by Danny Richmond.
1:37 of 1st period - Shot Misses the Net.
3:00 of 1st period - Penalty to Duncan Keith is over, Duncan Keith is back on ice.
3:52 of 1st period - Icing by Robert Nilsson.
3:53 of 1st period - Robert Nilsson wins face-off versus Martin Havlat in Canadiens zone.
4:24 of 1st period - Icing by Boyd Gordon.
4:25 of 1st period - Boyd Gordon wins face-off versus Alexei Yashin in Kings zone.
4:49 of 1st period - Minor Penalty to Branislav Mezei for Hooking.
4:50 of 1st period - Randy Robitaille wins face-off versus Robert Nilsson in Kings zone.
5:05 of 1st period - Snap shot by Robert Nilsson.
5:05 of 1st period - Stopped by Mike McKenna without a rebound.
5:06 of 1st period - Robert Nilsson wins face-off versus Randy Robitaille in Kings zone.
6:49 of 1st period - Penalty to Branislav Mezei is over, Branislav Mezei is back on ice.
7:48 of 1st period - Wrist shot by Jay Bouwmeester.
7:48 of 1st period - Deflect By George Parros.
7:48 of 1st period - Shot Misses the Net.
7:48 of 1st period - Puck is out of play.
7:49 of 1st period - Alexei Yashin wins face-off versus Boyd Gordon in Canadiens zone.
8:28 of 1st period - Slapshot by Sydney Crosby.
8:28 of 1st period - Stopped by Kari Lehtonen with a rebound.
8:45 of 1st period - Icing by Martin Havlat.
8:46 of 1st period - Alexei Yashin wins face-off versus Sydney Crosby in Kings zone.
8:53 of 1st period - Marek Svatos is hit by Sydney Crosby and loses puck.
8:58 of 1st period - Wrist shot by Guillaume Latendresse.
8:58 of 1st period - Stopped by Kari Lehtonen without a rebound.
8:59 of 1st period - Shawn Horcoff wins face-off versus Richard Zednik in Canadiens zone.
9:25 of 1st period - Marek Svatos is hit by Craig Rivet and loses puck.
10:33 of 1st period - Snap shot by Matthew Barnaby.
10:33 of 1st period - Stopped by Kari Lehtonen with a rebound.
10:35 of 1st period - Snap shot by Randy Robitaille.
10:35 of 1st period - Shot Misses the Net.
10:51 of 1st period - Wrist shot by Alexei Yashin.
10:51 of 1st period - Stopped by Mike McKenna with a rebound.
10:59 of 1st period - Slapshot by Ryan Whitney.
10:59 of 1st period - Stopped by Kari Lehtonen without a rebound.
11:00 of 1st period - Tomas Holmstrom wins face-off versus Shawn Horcoff in Canadiens zone.
11:33 of 1st period - Slapshot by Guillaume Latendresse.
11:33 of 1st period - Shot Misses the Net.
11:35 of 1st period - Snap shot by Sydney Crosby.
11:35 of 1st period - Stopped by Kari Lehtonen with a rebound.
11:37 of 1st period - Slapshot by Jay Bouwmeester.
11:37 of 1st period - Stopped by Kari Lehtonen without a rebound.
11:38 of 1st period - Shawn Horcoff wins face-off versus Robert Nilsson in Canadiens zone.
11:39 of 1st period - Snap shot by Rick Nash.
11:39 of 1st period - Stopped by Kari Lehtonen without a rebound.
11:40 of 1st period - Shawn Horcoff wins face-off versus Robert Nilsson in Canadiens zone.
11:41 of 1st period - Snap shot by Rick Nash.
11:41 of 1st period - Stopped by Kari Lehtonen without a rebound.
11:42 of 1st period - Rick Nash wins face-off versus Robert Nilsson in Canadiens zone.
12:35 of 1st period - Wrist shot by Derek Boogaard.
12:35 of 1st period - Shot Blocked by Patrick Eaves.
12:37 of 1st period - Snap shot by George Parros.
12:37 of 1st period - Stopped by Kari Lehtonen with a rebound.
12:39 of 1st period - Wrist shot by Derek Boogaard.
12:39 of 1st period - Shot Misses the Net.
12:57 of 1st period - Shawn Horcoff is hit by Mike York and loses puck.
13:08 of 1st period - Tomas Holmstrom is hit by Danny Richmond.
13:30 of 1st period - Snap shot by Sydney Crosby.
13:30 of 1st period - Stopped by Kari Lehtonen without a rebound.
13:31 of 1st period - Sydney Crosby wins face-off versus Alexei Yashin in Canadiens zone.
13:32 of 1st period - Snap shot by Martin Havlat.
13:32 of 1st period - Deflect By Sydney Crosby.
13:32 of 1st period - Shot Misses the Net.
13:32 of 1st period - Puck is out of play.
13:33 of 1st period - Sydney Crosby wins face-off versus Alexei Yashin in Canadiens zone.
13:34 of 1st period - Wrist shot by Guillaume Latendresse.
13:34 of 1st period - Shot Misses the Net.
13:44 of 1st period - Slapshot by Duncan Keith.
13:44 of 1st period - Goal by Duncan Keith - Canadiens : 1 - Kings : 0.
13:45 of 1st period - Pavol Demitra wins face-off versus Robert Nilsson in neutral zone.
13:57 of 1st period - Off-side.
13:58 of 1st period - Robert Nilsson wins face-off versus Pavol Demitra in neutral zone.
14:01 of 1st period - Wrist shot by Robert Nilsson.
14:01 of 1st period - Shot Blocked by Branislav Mezei.
14:36 of 1st period - Jay Bouwmeester is hit by Tomas Holmstrom and loses puck.
15:16 of 1st period - Wrist shot by Mike York.
15:16 of 1st period - Shot Blocked by Shawn Horcoff.
15:18 of 1st period - Slapshot by Tomas Kloucek.
15:18 of 1st period - Stopped by Mike McKenna without a rebound.
15:19 of 1st period - Shawn Horcoff wins face-off versus Mike York in Kings zone.
15:28 of 1st period - Snap shot by Shawn Horcoff.
15:28 of 1st period - Stopped by Kari Lehtonen without a rebound.
15:29 of 1st period - Robert Nilsson wins face-off versus Shawn Horcoff in Canadiens zone.
15:33 of 1st period - Off-side.
15:34 of 1st period - Sydney Crosby wins face-off versus Robert Nilsson in neutral zone.
15:37 of 1st period - Slapshot by Ryan Whitney.
15:37 of 1st period - Shot Misses the Net.
15:49 of 1st period - Snap shot by Guillaume Latendresse.
15:49 of 1st period - Shot Blocked by Robert Nilsson.
16:24 of 1st period - Snap shot by Derek Boogaard.
16:24 of 1st period - Stopped by Kari Lehtonen without a rebound.
16:25 of 1st period - Robert Nilsson wins face-off versus Boyd Gordon in Canadiens zone.
16:59 of 1st period - Pavol Demitra is hit by Viktor Kozlov and loses puck.
17:21 of 1st period - Off-side.
17:22 of 1st period - Boyd Gordon wins face-off versus Robert Nilsson in neutral zone.
17:31 of 1st period - Slapshot by Boyd Gordon.
17:31 of 1st period - Stopped by Kari Lehtonen without a rebound.
17:32 of 1st period - Robert Nilsson wins face-off versus Boyd Gordon in Canadiens zone.
17:56 of 1st period - Slapshot by Derek Boogaard.
17:56 of 1st period - Goal by Derek Boogaard - Canadiens : 1 - Kings : 1.
17:57 of 1st period - Robert Nilsson wins face-off versus Shawn Horcoff in neutral zone.
18:28 of 1st period - Minor Penalty to Guillaume Latendresse for Cross-checking.
18:29 of 1st period - Robert Nilsson wins face-off versus Randy Robitaille in Kings zone.
19:29 of 1st period - Icing by Tomas Kloucek.
19:30 of 1st period - Viktor Kozlov wins face-off versus Shawn Horcoff in Canadiens zone.
19:43 of 1st period - George Parros is hit by Tomas Kloucek and loses puck.
2nd period
0:01 of 2nd period - Robert Nilsson wins face-off versus George Parros in neutral zone.
0:14 of 2nd period - Backhand shot by Mike York.
0:14 of 2nd period - Goal by Mike York - Canadiens : 2 - Kings : 1.
0:15 of 2nd period - Sydney Crosby wins face-off versus Robert Nilsson in neutral zone.
0:42 of 2nd period - Rick Nash is hit by Jeff Woywitka and loses puck.
0:49 of 2nd period - Wrist shot by Tomas Holmstrom.
0:49 of 2nd period - Shot Misses the Net.
1:27 of 2nd period - Wrist shot by Robert Nilsson.
1:27 of 2nd period - Deflect By Tyler Arnason.
1:27 of 2nd period - Shot Blocked by Danny Richmond.
1:27 of 2nd period - Puck is out of play.
1:28 of 2nd period - Sydney Crosby wins face-off versus Tyler Arnason in Kings zone.
1:52 of 2nd period - Wrist shot by Robert Nilsson.
1:52 of 2nd period - Shot Misses the Net.
1:56 of 2nd period - Wrist shot by Viktor Kozlov.
1:56 of 2nd period - Shot Misses the Net.
1:58 of 2nd period - Wrist shot by Jeff Woywitka.
1:58 of 2nd period - Deflect By Sydney Crosby.
1:58 of 2nd period - Stopped by Mike McKenna without a rebound.
1:59 of 2nd period - Shawn Horcoff wins face-off versus Alexei Yashin in Kings zone.
2:06 of 2nd period - Snap shot by Alexei Yashin.
2:06 of 2nd period - Shot Misses the Net.
2:08 of 2nd period - Snap shot by Alexei Yashin.
2:08 of 2nd period - Stopped by Mike McKenna without a rebound.
2:09 of 2nd period - Alexei Yashin wins face-off versus Shawn Horcoff in Kings zone.
2:10 of 2nd period - Wrist shot by Ryane Clowe.
2:10 of 2nd period - Stopped by Mike McKenna with a rebound.
2:12 of 2nd period - Slapshot by Duncan Keith.
2:12 of 2nd period - Deflect By Craig Rivet.
2:12 of 2nd period - Stopped by Mike McKenna without a rebound.
2:13 of 2nd period - Robert Nilsson wins face-off versus Pavol Demitra in Kings zone.
2:14 of 2nd period - Snap shot by Mike York.
2:14 of 2nd period - Stopped by Mike McKenna without a rebound.
2:15 of 2nd period - Shawn Horcoff wins face-off versus Robert Nilsson in Kings zone.
2:22 of 2nd period - Snap shot by Robert Nilsson.
2:22 of 2nd period - Shot Misses the Net.
2:24 of 2nd period - Backhand shot by Marek Svatos.
2:24 of 2nd period - Stopped by Mike McKenna with a rebound.
2:26 of 2nd period - Wrist shot by Mike York.
2:26 of 2nd period - Deflect By Marek Svatos.
2:26 of 2nd period - Stopped by Mike McKenna with a rebound.
2:28 of 2nd period - Wrist shot by Mike York.
2:28 of 2nd period - Stopped by Mike McKenna with a rebound.
2:54 of 2nd period - Jeff Woywitka is hit by Martin Havlat and loses puck.
3:47 of 2nd period - Brad Winchester is hit by Richard Zednik and loses puck.
4:32 of 2nd period - Slapshot by Danny Richmond.
4:32 of 2nd period - Shot Blocked by Tyler Sloan.
4:34 of 2nd period - Slapshot by Shawn Horcoff.
4:34 of 2nd period - Deflect By Pavol Demitra.
4:34 of 2nd period - Shot Misses the Net.
4:34 of 2nd period - Puck is out of play.
4:35 of 2nd period - Shawn Horcoff wins face-off versus Alexei Yashin in Canadiens zone.
4:56 of 2nd period - Richard Zednik is hit by Martin Havlat and loses puck.
5:09 of 2nd period - Wrist shot by Martin Havlat.
5:09 of 2nd period - Stopped by Kari Lehtonen without a rebound.
5:10 of 2nd period - Robert Nilsson wins face-off versus Shawn Horcoff in Canadiens zone.
5:15 of 2nd period - Slapshot by Duncan Keith.
5:15 of 2nd period - Stopped by Mike McKenna with a rebound.
6:03 of 2nd period - Backhand shot by Danny Richmond.
6:03 of 2nd period - Shot Misses the Net.
6:05 of 2nd period - Slapshot by Danny Richmond.
6:05 of 2nd period - Shot Misses the Net.
6:07 of 2nd period - Wrist shot by Jay Bouwmeester.
6:07 of 2nd period - Shot Misses the Net.
6:25 of 2nd period - Tomas Kloucek is hit by Randy Robitaille and loses puck.
6:58 of 2nd period - Wrist shot by Sydney Crosby.
6:58 of 2nd period - Stopped by Kari Lehtonen without a rebound.
6:59 of 2nd period - Sydney Crosby wins face-off versus Viktor Kozlov in Canadiens zone.
7:04 of 2nd period - Slapshot by Sydney Crosby.
7:04 of 2nd period - Stopped by Kari Lehtonen without a rebound.
7:05 of 2nd period - Sydney Crosby wins face-off versus Robert Nilsson in Canadiens zone.
9:09 of 2nd period - Branislav Mezei is hit by Patrick Eaves and loses puck.
10:33 of 2nd period - Duncan Keith is hit by Guillaume Latendresse and loses puck.
10:48 of 2nd period - Alexei Yashin is hit by Rick Nash and loses puck.
11:01 of 2nd period - Robert Nilsson is hit by George Parros.
12:13 of 2nd period - Wrist shot by George Parros.
12:13 of 2nd period - Shot Blocked by Marek Svatos.
12:15 of 2nd period - Snap shot by George Parros.
12:15 of 2nd period - Shot Blocked by Shane O'Brien.
12:17 of 2nd period - Slapshot by Derek Boogaard.
12:17 of 2nd period - Stopped by Kari Lehtonen with a rebound.
12:19 of 2nd period - Slapshot by George Parros.
12:19 of 2nd period - Shot Blocked by Sheldon Souray.
13:07 of 2nd period - Slapshot by Craig Rivet.
13:07 of 2nd period - Shot Blocked by Tomas Kloucek.
13:09 of 2nd period - Wrist shot by Guillaume Latendresse.
13:09 of 2nd period - Deflect By Martin Havlat.
13:09 of 2nd period - Stopped by Kari Lehtonen without a rebound.
13:10 of 2nd period - Robert Nilsson wins face-off versus Sydney Crosby in Canadiens zone.
13:21 of 2nd period - Wrist shot by Viktor Kozlov.
13:21 of 2nd period - Shot Misses the Net.
13:56 of 2nd period - Boyd Gordon is hit by Marek Svatos and loses puck.
14:06 of 2nd period - Off-side.
14:07 of 2nd period - Viktor Kozlov wins face-off versus Sydney Crosby in neutral zone.
14:09 of 2nd period - Jeff Woywitka is hit by Danny Richmond.
14:43 of 2nd period - Icing by Duncan Keith.
14:44 of 2nd period - Sydney Crosby wins face-off versus Alexei Yashin in Canadiens zone.
15:02 of 2nd period - Snap shot by Patrick Eaves.
15:02 of 2nd period - Deflect By Alexei Yashin.
15:02 of 2nd period - Shot Misses the Net.
15:02 of 2nd period - Puck is out of play.
15:03 of 2nd period - Shawn Horcoff wins face-off versus Robert Nilsson in Kings zone.
15:31 of 2nd period - Wrist shot by Sydney Crosby.
15:31 of 2nd period - Stopped by Kari Lehtonen without a rebound.
15:32 of 2nd period - Viktor Kozlov wins face-off versus Sydney Crosby in Canadiens zone.
15:57 of 2nd period - Sydney Crosby is hit by Patrick Eaves and loses puck.
16:05 of 2nd period - Off-side.
16:06 of 2nd period - Robert Nilsson wins face-off versus Shawn Horcoff in neutral zone.
16:29 of 2nd period - Pavol Demitra is hit by Marek Svatos and loses puck.
16:34 of 2nd period - Snap shot by Robert Nilsson.
16:34 of 2nd period - Shot Misses the Net.
16:52 of 2nd period - Snap shot by Pavol Demitra.
16:52 of 2nd period - Stopped by Kari Lehtonen without a rebound.
16:53 of 2nd period - Boyd Gordon wins face-off versus Viktor Kozlov in Canadiens zone.
17:27 of 2nd period - Slapshot by Sheldon Souray.
17:27 of 2nd period - Stopped by Mike McKenna without a rebound.
17:28 of 2nd period - Viktor Kozlov wins face-off versus Sydney Crosby in Kings zone.
17:29 of 2nd period - Wrist shot by Tomas Holmstrom.
17:29 of 2nd period - Stopped by Mike McKenna with a rebound.
17:33 of 2nd period - Slapshot by Viktor Kozlov.
17:33 of 2nd period - Deflect By Richard Zednik.
17:33 of 2nd period - Stopped by Mike McKenna with a rebound.
17:35 of 2nd period - Wrist shot by Tomas Holmstrom.
17:35 of 2nd period - Shot Misses the Net.
17:37 of 2nd period - Snap shot by Viktor Kozlov.
17:37 of 2nd period - Deflect By Tomas Holmstrom.
17:37 of 2nd period - Stopped by Mike McKenna without a rebound.
17:38 of 2nd period - Guillaume Latendresse wins face-off versus Viktor Kozlov in Kings zone.
17:45 of 2nd period - Backhand shot by Bryan McCabe.
17:45 of 2nd period - Stopped by Kari Lehtonen without a rebound.
17:46 of 2nd period - Shawn Horcoff wins face-off versus Robert Nilsson in Canadiens zone.
18:48 of 2nd period - Wrist shot by Sydney Crosby.
18:48 of 2nd period - Deflect By Guillaume Latendresse.
18:48 of 2nd period - Deflect By Tomas Holmstrom.
18:48 of 2nd period - Stopped by Kari Lehtonen with a rebound.
19:51 of 2nd period - Snap shot by Sydney Crosby.
19:51 of 2nd period - Stopped by Kari Lehtonen without a rebound.
19:52 of 2nd period - Sydney Crosby wins face-off versus Alexei Yashin in Canadiens zone.
3rd period
0:01 of 3rd period - Robert Nilsson wins face-off versus Shawn Horcoff in neutral zone.
1:10 of 3rd period - Snap shot by Marek Svatos.
1:10 of 3rd period - Shot Misses the Net.
1:16 of 3rd period - Wrist shot by Mike York.
1:16 of 3rd period - Stopped by Mike McKenna without a rebound.
1:17 of 3rd period - Sydney Crosby wins face-off versus Richard Zednik in Kings zone.
1:56 of 3rd period - Wrist shot by Derek Boogaard.
1:56 of 3rd period - Shot Misses the Net.
2:25 of 3rd period - Alexei Yashin is hit by Bryan McCabe and loses puck.
3:12 of 3rd period - Icing by Alexei Yashin.
3:13 of 3rd period - Alexei Yashin wins face-off versus Sydney Crosby in Canadiens zone.
3:46 of 3rd period - Slapshot by Jay Bouwmeester.
3:46 of 3rd period - Stopped by Kari Lehtonen with a rebound.
3:48 of 3rd period - Snap shot by Jay Bouwmeester.
3:48 of 3rd period - Shot Misses the Net.
3:50 of 3rd period - Slapshot by Jay Bouwmeester.
3:50 of 3rd period - Stopped by Kari Lehtonen with a rebound.
3:52 of 3rd period - Snap shot by Randy Robitaille.
3:52 of 3rd period - Stopped by Kari Lehtonen without a rebound.
3:53 of 3rd period - Guillaume Latendresse wins face-off versus Mike York in Canadiens zone.
4:34 of 3rd period - Boyd Gordon is hit by Ryane Clowe and loses puck.
4:49 of 3rd period - Snap shot by Viktor Kozlov.
4:49 of 3rd period - Stopped by Mike McKenna with a rebound.
4:51 of 3rd period - Snap shot by Richard Zednik.
4:51 of 3rd period - Stopped by Mike McKenna without a rebound.
4:52 of 3rd period - Robert Nilsson wins face-off versus Guillaume Latendresse in Kings zone.
4:57 of 3rd period - Wrist shot by Marek Svatos.
4:57 of 3rd period - Shot Misses the Net.
4:59 of 3rd period - Slapshot by Duncan Keith.
4:59 of 3rd period - Deflect By Jay Bouwmeester.
4:59 of 3rd period - Stopped by Mike McKenna without a rebound.
5:00 of 3rd period - Sydney Crosby wins face-off versus Robert Nilsson in Kings zone.
5:33 of 3rd period - Wrist shot by Rick Nash.
5:33 of 3rd period - Shot Misses the Net.
5:35 of 3rd period - Backhand shot by Jay Bouwmeester.
5:35 of 3rd period - Shot Blocked by Viktor Kozlov.
5:44 of 3rd period - Double Minor Penalty to Derek Boogaard for High sticking.
5:45 of 3rd period - Robert Nilsson wins face-off versus Randy Robitaille in Kings zone.
5:50 of 3rd period - Slapshot by Mike York.
5:50 of 3rd period - Goal by Mike York - Canadiens : 3 - Kings : 1.
5:51 of 3rd period - Robert Nilsson wins face-off versus Randy Robitaille in neutral zone.
6:19 of 3rd period - Slapshot by Duncan Keith.
6:19 of 3rd period - Stopped by Mike McKenna with a rebound.
6:21 of 3rd period - Wrist shot by Marek Svatos.
6:21 of 3rd period - Goal by Marek Svatos - Canadiens : 4 - Kings : 1.
6:21 of 3rd period - Jean-Sébastien Giguère enters game.
6:22 of 3rd period - Shawn Horcoff wins face-off versus Robert Nilsson in neutral zone.
6:25 of 3rd period - Slapshot by Danny Richmond.
6:25 of 3rd period - Stopped by Kari Lehtonen with a rebound.
6:51 of 3rd period - Off-side.
6:52 of 3rd period - Viktor Kozlov wins face-off versus Boyd Gordon in neutral zone.
7:25 of 3rd period - Snap shot by Derek Boogaard.
7:25 of 3rd period - Stopped by Kari Lehtonen with a rebound.
7:33 of 3rd period - Wrist shot by Derek Boogaard.
7:33 of 3rd period - Stopped by Kari Lehtonen without a rebound.
7:34 of 3rd period - Sydney Crosby wins face-off versus Robert Nilsson in Canadiens zone.
8:26 of 3rd period - Slapshot by Patrick Eaves.
8:26 of 3rd period - Stopped by Jean-Sébastien Giguère without a rebound.
8:27 of 3rd period - Sydney Crosby wins face-off versus Patrick Eaves in Kings zone.
8:27 of 3rd period - Sydney Crosby is hit by Tyler Sloan.
8:33 of 3rd period - Slapshot by Ryan Whitney.
8:33 of 3rd period - Shot Blocked by Tomas Kloucek.
8:36 of 3rd period - Minor Penalty to Sydney Crosby for Holding Stick.
8:37 of 3rd period - Robert Nilsson wins face-off versus Randy Robitaille in Kings zone.
8:44 of 3rd period - Snap shot by Mike York.
8:44 of 3rd period - Stopped by Jean-Sébastien Giguère without a rebound.
8:45 of 3rd period - Randy Robitaille wins face-off versus Mike York in Kings zone.
8:58 of 3rd period - Snap shot by Randy Robitaille.
8:58 of 3rd period - Shot Misses the Net.
9:28 of 3rd period - Slapshot by Rick Nash.
9:28 of 3rd period - Stopped by Kari Lehtonen with a rebound.
9:30 of 3rd period - Snap shot by Rick Nash.
9:30 of 3rd period - Shot Blocked by Jeff Woywitka.
9:32 of 3rd period - Slapshot by Danny Richmond.
9:32 of 3rd period - Stopped by Kari Lehtonen with a rebound.
9:34 of 3rd period - Snap shot by Rick Nash.
9:34 of 3rd period - Goal by Rick Nash - Canadiens : 4 - Kings : 2.
9:35 of 3rd period - Randy Robitaille wins face-off versus Robert Nilsson in neutral zone.
9:53 of 3rd period - Icing by Tyler Sloan.
9:54 of 3rd period - Randy Robitaille wins face-off versus Robert Nilsson in Canadiens zone.
10:01 of 3rd period - Wrist shot by George Parros.
10:01 of 3rd period - Shot Blocked by Tyler Sloan.
10:03 of 3rd period - Snap shot by George Parros.
10:03 of 3rd period - Shot Blocked by Robert Nilsson.
10:05 of 3rd period - Slapshot by Craig Rivet.
10:05 of 3rd period - Shot Misses the Net.
10:19 of 3rd period - George Parros is hit by Tomas Holmstrom and loses puck.
10:26 of 3rd period - Tyler Sloan is hit by George Parros and loses puck.
10:36 of 3rd period - Penalty to Sydney Crosby is over, Sydney Crosby is back on ice.
11:39 of 3rd period - Sydney Crosby is hit by Alexei Yashin and loses puck.
12:16 of 3rd period - Sheldon Souray is hit by Brad Winchester and loses puck.
12:35 of 3rd period - Slapshot by Boyd Gordon.
12:35 of 3rd period - Stopped by Kari Lehtonen with a rebound.
12:37 of 3rd period - Slapshot by George Parros.
12:37 of 3rd period - Shot Misses the Net.
12:51 of 3rd period - Pavol Demitra is hit by Tyler Sloan.
12:57 of 3rd period - Tomas Holmstrom is hit by Rick Nash and loses puck.
13:44 of 3rd period - Slapshot by Ryan Whitney.
13:44 of 3rd period - Stopped by Kari Lehtonen without a rebound.
13:45 of 3rd period - Shawn Horcoff wins face-off versus Tomas Holmstrom in Canadiens zone.
14:23 of 3rd period - Minor Penalty to Randy Robitaille for Hooking.
14:23 of 3rd period - Minor Penalty to Robert Nilsson for Charging.
14:24 of 3rd period - Sydney Crosby wins face-off versus Tyler Arnason in Canadiens zone.
14:39 of 3rd period - Slapshot by Sydney Crosby.
14:39 of 3rd period - Stopped by Kari Lehtonen with a rebound.
15:32 of 3rd period - Icing by Jay Bouwmeester.
15:33 of 3rd period - Tyler Arnason wins face-off versus Sydney Crosby in Kings zone.
16:23 of 3rd period - Penalty to Randy Robitaille is over, Randy Robitaille is back on ice.
16:23 of 3rd period - Penalty to Robert Nilsson is over, Robert Nilsson is back on ice.
16:27 of 3rd period - Wrist shot by Alexei Yashin.
16:27 of 3rd period - Shot Misses the Net.
16:29 of 3rd period - Snap shot by Alexei Yashin.
16:29 of 3rd period - Shot Misses the Net.
16:31 of 3rd period - Wrist shot by Mike York.
16:31 of 3rd period - Shot Misses the Net.
16:33 of 3rd period - Snap shot by Alexei Yashin.
16:33 of 3rd period - Shot Misses the Net.
16:35 of 3rd period - Slapshot by Duncan Keith.
16:35 of 3rd period - Shot Misses the Net.
16:41 of 3rd period - Snap shot by Robert Nilsson.
16:41 of 3rd period - Shot Misses the Net.
17:01 of 3rd period - Wrist shot by Alexei Yashin.
17:01 of 3rd period - Shot Misses the Net.
17:03 of 3rd period - Slapshot by Duncan Keith.
17:03 of 3rd period - Deflect By Mike York.
17:03 of 3rd period - Shot Misses the Net.
17:03 of 3rd period - Puck is out of play.
17:04 of 3rd period - Tomas Holmstrom wins face-off versus Derek Boogaard in Kings zone.
17:05 of 3rd period - Snap shot by Viktor Kozlov.
17:05 of 3rd period - Shot Misses the Net.
17:43 of 3rd period - Tomas Holmstrom is hit by Rick Nash and loses puck.
18:25 of 3rd period - Tomas Holmstrom is hit by Guillaume Latendresse and loses puck.
18:57 of 3rd period - Marek Svatos is hit by George Parros and loses puck.
19:04 of 3rd period - Wrist shot by Derek Boogaard.
19:04 of 3rd period - Stopped by Kari Lehtonen without a rebound.
19:05 of 3rd period - Boyd Gordon wins face-off versus Robert Nilsson in Canadiens zone.
19:10 of 3rd period - Slapshot by Jay Bouwmeester.
19:10 of 3rd period - Shot Misses the Net.
19:13 of 3rd period - Icing by Jeff Woywitka.
19:14 of 3rd period - Boyd Gordon wins face-off versus Mike York in Canadiens zone.
19:15 of 3rd period - Wrist shot by George Parros.
19:15 of 3rd period - Stopped by Kari Lehtonen with a rebound.
Output by the SimonT Hockey Simulator (STHS) for François Prévost -- Original Page W3C XHTML 1.0 Valid